AoeStats
← KSK1912

Oasis

509651156Analyzed
2v2 RM · 4d ago on Sep 27, 2026· 72m 55s· 4 players
Game mode
Random Map
Map size
Medium (4 player)
Population
200
Speed
Normal
Resources
Standard
Victory
Conquest
Starting age
Dark Age
Ending age
Imperial Age
RankedLock teamsTeams togetherTeam positionsShared explorationLock speedFull tech treeHidden civsTurbo modeCheats
Victory
Defeat
🇹🇷 Italians · Türkiye
861
+24
🇹🇷 Magyars · Türkiye
861
+24
🇹🇷 Mongols · Türkiye
937
-19
🇹🇷 Teutons · Türkiye
829
-15
icagrierdogann
1:49 Loom
12:44 Feudal Age
15:46 Gold Mining
17:47 Double-Bit Axe
17:47 Horse Collar
20:00 Padded Archer Armor
22:31 Fletching
22:53 Forging
22:44 Scale Mail Armor
26:07 Castle Age
24:58 Stone Mining
26:17 Crossbowman
27:45 Thumb Ring
28:28 Wheelbarrow
30:13 Bodkin Arrow
30:34 Leather Archer Armor
30:38 Pikeman
31:23 Squires
33:39 Bow Saw
33:31 Heavy Plow
40:22 Imperial Age
38:08 Hand Cart
41:07 Light Cavalry
41:57 Bloodlines
43:01 Bracer
45:25 Two-Man Saw
44:53 Conscription
46:54 Stone Shaft Mining
46:50 Elite Genoese Crossbowman
53:32 Silk Road
62:57 Onager
64:15 Ring Archer Armor
64:00 Masonry
64:52 Chemistry
64:12 Ballistics
63:36 Treadmill Crane
66:23 Arbalester
66:27 Hussar
67:17 Bloodlines
67:08 Husbandry
BillyyButcheeerrr
0:30 Loom
11:50 Feudal Age
13:49 Bloodlines
13:37 Double-Bit Axe
13:44 Horse Collar
23:49 Castle Age
22:12 Stone Mining
22:14 Gold Mining
27:23 Wheelbarrow
26:33 Town Watch
27:14 Corvinian Army
28:00 Bow Saw
27:53 Heavy Plow
32:36 Thumb Ring
33:55 Padded Archer Armor
33:46 Fletching
34:07 Scale Barding Armor
34:29 Ballistics
34:20 Masonry
37:52 Gold Shaft Mining
45:10 Imperial Age
43:27 Treadmill Crane
46:19 Conscription
45:52 Onager
45:54 Capped Ram
46:34 Elite Magyar Huszar
53:00 Leather Archer Armor
52:33 Elite Skirmisher
53:39 Parthian Tactics
54:30 Recurve Bow
56:06 Heavy Cavalry Archer
57:35 Crop Rotation
57:09 Bodkin Arrow
58:03 Ring Archer Armor
KSK1912
10:41 Feudal Age
19:30 Castle Age
17:16 Loom
17:58 Double-Bit Axe
18:15 Horse Collar
18:55 Scale Barding Armor
19:28 Bloodlines
19:41 Gold Mining
19:51 Pikeman
20:31 Squires
19:55 Pikeman
23:14 Padded Archer Armor
23:20 Scale Mail Armor
23:58 Bow Saw
25:08 Wheelbarrow
24:23 Town Watch
25:49 Husbandry
28:28 Heavy Plow
28:59 Chain Mail Armor
28:56 Forging
29:43 Chain Barding Armor
30:13 Hand Cart
30:04 Town Patrol
33:41 Imperial Age
32:51 Ballistics
32:54 Stone Mining
41:53 Nomads
42:30 Elite Steppe Lancer
44:38 Chemistry
43:36 Gold Mining
44:24 Stone Shaft Mining
55:16 Drill
uchihausman
11:32 Feudal Age
14:24 Wheelbarrow
13:31 Horse Collar
13:39 Double-Bit Axe
13:55 Man-at-Arms
21:12 Loom
22:53 Gold Mining
22:58 Stone Mining
27:21 Castle Age
27:31 Long Swordsman
27:57 Gambesons
27:36 Pikeman
28:16 Squires
29:19 Forging
29:11 Scale Mail Armor
30:44 Iron Casting
31:08 Hand Cart
32:09 Stone Shaft Mining
32:01 Heavy Plow
32:14 Bow Saw
36:33 Ironclad
39:50 Imperial Age
40:09 Two-Handed Swordsman
42:40 Blast Furnace
41:56 Chain Mail Armor
42:12 Conscription
42:21 Onager
43:40 Elite Teutonic Knight
47:52 Two-Man Saw
47:37 Crop Rotation
46:36 Halberdier
47:56 Siege Onager
50:16 Chemistry
53:02 Plate Mail Armor
52:06 Champion
64:17 Guard Tower
71:08 Town Watch
Connection lost

Rejoining the realm…

Still unreachable

The connection could not be restored.

Session expired

The server has moved on; the page needs a fresh start.